 Dungeon Crawl Stone Soup version 0.21.0-3-g78d12a8 (webtiles) character file.

100 Gorglomux the Ducker (level 4, -1/37 HPs)
             Began as a Minotaur Enchanter on Jan 12, 2018.
             Killed from afar by Natasha (4 damage)
             ... with a magic dart
             ... on level 2 of the Dungeon.
             The game lasted 00:06:41 (2577 turns).

Gorglomux the Ducker (Minotaur Enchanter)           Turns: 2577, Time: 00:06:41

Health: -1/37      AC:  4    Str: 14    XL:     4   Next: 46%
Magic:  4/5        EV: 12    Int: 12    God:
Gold:   122        SH:  0    Dex: 10    Spells: 4/5 levels left

rFire    . . .     SeeInvis .   a - +1 dagger
rCold    . . .     Gourm    .   (no shield)
rNeg     . . .     Faith    .   g - +0 leather armour
rPois    .         Spirit   .   (helmet restricted)
rElec    .         Reflect  .   (no cloak)
rCorr    .         Harm     .   (no gloves)
MR       .....                  x - +0 pair of boots
Stlth    ++........             (no amulet)
HPRegen  0.12/turn              (no ring)
MPRegen  0.09/turn              (no ring)

@: no status effects
A: retaliatory headbutt, horns 2
a: no special abilities


You were on level 2 of the Dungeon.
You were hungry.

You visited 1 branch of the dungeon, and saw 2 of its levels.

You collected 122 gold pieces.

Inventory:

Hand Weapons
 a - a +1 dagger (weapon)
 b - a +0 hunting sling
Missiles
 k - 40 stones (quivered)
 m - 16 sling bullets
Armour
 g - a +0 leather armour (worn)
 j - a +1 robe
 x - a +0 pair of boots (worn)
Scrolls
 i - a scroll of enchant armour
 l - a scroll of amnesia {unknown}
 n - a scroll of fog {unknown}
 p - a scroll of remove curse {unknown}
 q - a scroll of enchant weapon {unknown}
 r - a scroll of identify {unknown}
 s - 2 scrolls of teleportation {unknown}
 u - a scroll of blinking {unknown}
 v - a scroll of magic mapping {unknown}
Books
 c - a book of Maledictions

   Spells                             Type                      Level
   a - Corona                         Hexes                        1
   b - Ensorcelled Hibernation        Hexes/Ice                    2
   c - Confuse                        Hexes                        3
   d - Tukima's Dance                 Hexes                        3
   e - Dazzling Spray                 Conjuration/Hexes            3
Comestibles
 d - 3 rations
 w - 4 chunks of flesh


   Skills:
 + Level 2.7 Fighting
 - Level 1.1 Short Blades
 + Level 2.8 Armour
 + Level 3.4 Dodging
 - Level 2.4 Stealth
 - Level 1.3 Spellcasting
 - Level 2.0 Hexes


You had 4 spell levels left.
You knew the following spells:

 Your Spells              Type           Power        Failure   Level  Hunger
a - Corona                Hex            #......      16%         1    ##.....


Dungeon Overview and Level Annotations

Branches:
Dungeon (2/15)

Altars:

Annotations:
D:2 Natasha


Innate Abilities, Weirdness & Mutations

You reflexively headbutt those who attack you in melee.
You have a pair of horns on your head.


Message History

Unknown command!
You stick Natasha but do no damage! Your headbutt misses Natasha!
Natasha is heavily wounded!
Natasha stops glowing!
The shadow imp barely misses you! Natasha barely misses you!
Unknown command!
You perforate Natasha like a sieve!
Natasha is heavily wounded!
The shadow imp closely misses you!
Natasha mumbles some strange words!
Unknown command!
Okay, then!
You closely miss Natasha! Your headbutt misses Natasha!
Natasha is heavily wounded!
The shadow imp gestures at you!
Butt shoots through your body!!! * * * don't die
* * * Natasha butts at butt and mumbles some strange words!
The magic dart hits you!!! rip

....####
#..............#
........
+..>...........#
....####
#..............#
..#...
#..............#
#+#.[..
#..............#
.#####
#...........)..#
. #>
#..............#
#..............#
#...h@.........#
#..5.5.........#
#..............#
#.##############
#


You could see Natasha, a crimson imp and a shadow imp.

Vanquished Creatures
  Terence (D:2)
  3 adders (D:2)
  A worm (D:2)
  A dart slug (D:1)
  2 leopard geckos (D:2)
  3 giant cockroaches
  3 goblins
  6 hobgoblins
  A ball python (D:1)
  7 bats
  2 frilled lizards (D:2)
  7 kobolds
  7 rats
44 creatures vanquished.

Notes
Turn   | Place    | Note
-------+----------+-------------------------------------------
     0 | D:1      | Gorglomux the Minotaur Enchanter began the quest for the Orb.
     0 | D:1      | Reached XP level 1. HP: 14/14 MP: 1/1
   590 | D:1      | Reached skill level 1 in Fighting
   590 | D:1      | Reached skill level 1 in Armour
   607 | D:1      | Reached XP level 2. HP: 23/23 MP: 0/3
  1297 | D:2      | Noticed a crimson imp
  1297 | D:2      | Reached XP level 3. HP: 25/29 MP: 4/4
  1679 | D:2      | Reached skill level 3 in Dodging
  2293 | D:2      | Reached XP level 4. HP: 29/37 MP: 3/5
  2483 | D:2      | Noticed Terence
  2500 | D:2      | Killed Terence
  2566 | D:2      | Noticed Natasha
  2577 | D:2      | Killed from afar by Natasha

Skill      XL: |  1  2  3 |
---------------+----------+-----
Fighting       | 1 2 |  2.7
Armour         | 1 2 |  2.8
Dodging        | 3 |  3.4
Short Blades   | |  1.1
Stealth        | |  2.4
Spellcasting   | |  1.3
Hexes          | |  2.0

Action                   |  1- 3 |  4- 6 || total
-------------------------+-------+-------++-------
Melee: Dagger            |    90 |    24 ||   114
       Headbutt          |     8 |     3 ||    11
 Fire: Hunting sling     |   100 |     4 ||   104
 Cast: Corona            |     5 |     2 ||     7
  Use: Potion            |     1 |     1 ||     2
       Scroll            |     1 |       ||     1
 Stab: Sleeping          |     2 |       ||     2
  Eat: Chunk             |     4 |     1 ||     5
Armor: Robe              |     6 |       ||     6
       Leather armour    |    11 |     4 ||    15
Dodge: Dodged            |    82 |    15 ||    97
